 Dungeon Crawl Stone Soup version 0.29-a0-338-g1ff7896281 (webtiles) character file.

Game seed: 2951089664405540089

3052 Agony the Destroyer (level 9, -2/48 HPs)
             Began as a Tengu Conjurer on Apr 18, 2022.
             Was a Follower of Vehumet.
             Slain by a moth of wrath (8 damage)
             ... in a bailey.
             The game lasted 00:57:14 (9384 turns).

Agony the Destroyer (Tengu Conjurer)                Turns: 9384, Time: 00:57:14

Health: -2/48      AC:  5    Str:  8    XL:     9   Next: 87%
Magic:  6/18       EV: 21    Int: 23    God:    Vehumet [*.....]
Gold:   539        SH:  0    Dex: 12    Spells: 13/19 levels left

rFire   . . .      SeeInvis .   q - +0 rapier
rCold   . . .      Faith    .   (no shield)
rNeg    . . .      Spirit   .   a - +0 robe
rPois   .          Reflect  .   (helmet restricted)
rElec   .          Harm     .   t - +0 cloak
rCorr   .          Rampage  .   r - +1 pair of gloves
Will    .....                   (boots unavailable)
Stlth   +++.......              (no amulet)
HPRegen 0.16/turn               j - +4 ring of evasion
MPRegen 0.16/turn               (no ring)

@: on berserk cooldown, flying quickly and evasively, hasted and slowed, quick
A: beak, talons 3, nimble flight
a: Renounce Religion


You were in a bailey.
You worshipped Vehumet.
Vehumet was aware of your devotion.
You visited 2 branches of the dungeon, and saw 9 of its levels.
You also visited: Bailey.

You collected 539 gold pieces.

Inventory:

Hand Weapons
 q - a +0 rapier (weapon)
Missiles
 f - 12 poisoned darts
Armour
 a - a +0 robe (worn)
 r - a +1 pair of gloves (worn)
 t - a +0 cloak (worn)
Jewellery
 j - a +4 ring of evasion (left hand)
 x - a ring of protection from fire
Wands
 u - a wand of polymorph (5)
 w - a wand of flame (23)
Scrolls
 h - 2 scrolls of teleportation
 m - a scroll of silence
 o - a scroll of torment
 v - 2 scrolls of amnesia
 y - a scroll of enchant weapon
Potions
 b - a potion of magic
 c - a potion of resistance {unknown}
 d - 6 potions of curing
 g - a potion of haste
 i - a potion of mutation
 k - 3 potions of lignification
 l - 3 potions of flight
 n - a potion of might {unknown}
 p - 2 potions of berserk rage {unknown}
 s - 3 potions of degeneration {unknown}
 B - a potion of cancellation {unknown}
 C - a potion of invisibility {unknown}


   Skills:
 - Level 2.2 Fighting
 + Level 6.9 Dodging
 + Level 6.8 Stealth
 + Level 5.7 Spellcasting
 * Level 11.7 Conjurations


You had 13 spell levels left.
You knew the following spells:

 Your Spells              Type           Power      Damage    Failure   Level
a - Magic Dart            Conj           100%       1d8       1%          1
b - Searing Ray           Conj           100%       2d8       1%          2
c - Dazzling Flash        Conj/Hex       66%        N/A       2%          3

Your spell library contained the following spells:

 Spells                   Type           Power      Damage    Failure   Level
 Shock                    Conj/Air       100%       1d9       1%          1
 Mephitic Cloud           Conj/Pois/Air  24%        N/A       5%          3
 Fulminant Prism          Conj/Hex       16%        3d11      8%          4
 Iskenderun's Mystic Bla  Conj/Tloc      33%        2d8       8%          4
 Blink                    Tloc           12%        N/A       13%         2
 Call Imp                 Summ           6%         N/A       13%         2
 Ensorcelled Hibernation  Hex/Ice        12%        N/A       13%         2
 Lesser Beckoning         Tloc           6%         N/A       26%         3
 Spider Form              Tmut/Pois      6%         N/A       26%         3
 Anguish                  Hex/Necr       3%         N/A       65%         4
 Cause Fear               Hex            3%         N/A       65%         4
 Lee's Rapid Deconstruct  Erth           3%         3d6*      94%         5
 Silence                  Hex/Air        3%         N/A       94%         5


Dungeon Overview and Level Annotations

Branches:
Dungeon (8/15)             Temple (1/1) D:6          Bailey (1/1)
   Lair: D:8-11

Altars:
Ashenzari
Cheibriados
Dithmenos
Elyvilon
Fedhas
Gozag
Hepliaklqana
Kikubaaqudgha
Makhleb
Nemelex Xobeh
Okawaru
Qazlal
Ru
Sif Muna
Trog
Uskayaw
Vehumet
Wu Jian
Xom
Yredelemnul
Zin

Shops:
D:5 (

Annotations:
D:4 Edmund, Pikel


Innate Abilities, Weirdness & Mutations

You have a beak for a mouth.
You have claws for feet.
Your magical nature lets you fly swiftly and evasively.


Message History

Aiming: Polymorph
Press: ? - help, Shift-Dir - straight line, f/p - orc knight
Aim: an orc knight, wielding a +0 war axe and wearing a +0 plate armour (will become a moth of wrath, a floating eye, or a polar bear, chance to affect: 31%)
The orc knight evaporates and reforms as a moth of wrath!
Casting: Searing Ray (safe; 1% risk of failure)
Confirm with . or Enter, or press ? or * to list all spells.
Aiming: Searing Ray (safe; 1% risk of failure)
Press: ? - help, Shift-Dir - straight line, f/p - moth of wrath
Aim: a moth of wrath (83% to hit)
The searing ray hits the moth of wrath!
The moth of wrath is lightly wounded. (Press . to maintain the ray.)
The searing ray hits the moth of wrath!
The moth of wrath is heavily wounded.
The moth of wrath bites you.
The searing ray hits the moth of wrath!
The moth of wrath is severely wounded.
The moth of wrath bites you!!
* * * LOW HITPOINT WARNING * * *
You feel yourself speed up. The moth of wrath bites you!
* * * LOW HITPOINT WARNING * * *
The moth of wrath infuriates you!
A red film seems to cover your vision as you go berserk!
You feel yourself moving faster!
You feel mighty!
Things that are here:
a +0 hand axe; a +0 leather armour You feel a strong urge to attack something.
Things that are here:
a +0 hand axe; a +0 leather armour; a hobgoblin skeleton You feel your anger nearly subside.
The kobold shouts!
You are no longer berserk.
You are exhausted.
You feel yourself slow down.
The moth of wrath attacks as you move away!
The moth of wrath barely misses you.
You see here a boomerang.
The moth of wrath attacks as you move away!
The moth of wrath bites you!
You die...

≈.# #. ... ^)..###..(...####
≈≈≈K#. ####g####..#......≈≈≈≈≈≈
≈≈≈≈####.....oK####(≈≈)≈≈≈≈≈≈≈#
#≈≈≈≈≈∩#...[..g#∩≈≈≈≈≈≈≈....###
#≈≈≈≈#########≈≈≈≈..)....##
#≈≈≈≈≈≈≈≈≈≈≈≈≈≈.......##
#≈≈≈≈≈≈≈≈≈........###
##......(......####
##..∩).(.@y#### ##.......###
##.....#### ##...#### ###...##
##.....## ##.......##
#.........# #....∩....#


You could see a moth of wrath and a gnoll (wandering).

Vanquished Creatures
  Sigmund (D:5)
  5 yaks (D:7)
  A steam dragon (D:6)
  5 orc warriors
  2 sky beasts
  3 ogres
  2 centaurs (D:6)
  A phantom (D:5)
  4 bullfrogs
  A scorpion (D:7)
  3 hounds
  A gnoll shaman (D:8)
  4 jellies
  3 iguanas
  An orc wizard (D:6)
  11 gnolls
  5 adders
  2 white imps
  2 dart slugs
  10 orcs
  2 endoplasms
  3 giant cockroaches
  7 goblins
  10 hobgoblins
  5 jackals
  3 quokkas
  5 ball pythons
  4 bats
  2 frilled lizards
  17 kobolds
  3 rats
128 creatures vanquished.

Notes
Turn   | Place    | Note
-------+----------+-------------------------------------------
     0 | D:1      | Agony the Tengu Conjurer began the quest for the Orb.
     0 | D:1      | Reached XP level 1. HP: 10/10 MP: 4/4
   142 | D:1      | Found a faded altar of an unknown god.
   378 | D:1      | Reached XP level 2. HP: 16/16 MP: 3/6
   944 | D:1      | Learned a level 2 spell: Searing Ray
  1047 | D:2      | Got the Incunabulum of Orientation and Malediction
  1168 | D:2      | Reached XP level 3. HP: 19/20 MP: 2/7
  1267 | D:2      | Reached skill level 1 in Fighting
  2479 | D:3      | Found a sacrificial altar of Ru.
  2644 | D:3      | Reached XP level 4. HP: 25/25 MP: 5/8
  3196 | D:4      | Noticed Edmund
  3786 | D:4      | Noticed a black bear
  3799 | D:5      | Entered Level 5 of the Dungeon
  3799 | D:5      | Noticed Sigmund
  3799 | D:5      | Noticed a phantom
  3945 | D:5      | Gained mutation: Your magical nature lets you fly swiftly
                  | and evasively. [Tengu growth]
  3945 | D:5      | Reached XP level 5. HP: 30/30 MP: 1/10
  3964 | D:4      | Reached skill level 6 in Conjurations
  4224 | D:5      | Noticed a sky beast
  4286 | D:5      | Noticed an ogre
  4297 | D:5      | Noticed a wyvern
  4375 | D:6      | Noticed a steam dragon
  4387 | D:6      | Reached XP level 6. HP: 35/35 MP: 6/11
  4522 | D:5      | Found Xifypel's Weapon Shoppe.
  4949 | D:4      | Noticed Pikel
  5045 | D:5      | Reached skill level 7 in Conjurations
  5045 | D:5      | Reached XP level 7. HP: 35/40 MP: 4/13
  5769 | D:5      | Reached skill level 8 in Conjurations
  5912 | D:5      | Killed Sigmund
  5913 | D:5      | Reached XP level 8. HP: 37/44 MP: 3/15
  6322 | D:6      | Learned a level 3 spell: Dazzling Flash
  6591 | D:7      | Noticed a yak
  6591 | D:7      | Noticed a yak
  6591 | D:7      | Noticed a yak
  6591 | D:7      | Noticed a yak
  6591 | D:7      | Noticed a yak
  6798 | D:6      | Reached skill level 5 in Dodging
  6798 | D:6      | Reached skill level 5 in Stealth
  7032 | D:6      | Found a staircase to the Ecumenical Temple.
  7055 | D:6      | Reached skill level 9 in Conjurations
  7154 | Temple   | Entered the Ecumenical Temple
  7207 | Temple   | Became a worshipper of Vehumet
  8120 | D:7      | Killed a yak
  8121 | D:7      | Reached skill level 10 in Conjurations
  8121 | D:7      | Reached XP level 9. HP: 35/48 MP: 7/17
  8204 | D:7      | Reached skill level 5 in Spellcasting
  8487 | D:7      | Reached skill level 11 in Conjurations
  8814 | D:8      | Reached * piety under Vehumet
  8814 | D:8      | Offered knowledge of Shock by Vehumet.
  8913 | D:8      | Found a flagged portal.
  8925 | Bailey   | Entered a bailey
  8968 | Bailey   | Noticed an orc knight
  9370 | Bailey   | Noticed a moth of wrath
  9370 | Bailey   | an orc knight changed into a moth of wrath
  9384 | Bailey   | Slain by a moth of wrath

Illustrated notes

Levels and vault maps discovered:
D:1:      psy_arrival_conway, layout_loops_cross,
          ebering_ecumenical_altar_ruins, grunt_decor_cap
D:2:      layout_loops_ring, minmay_domino_4
D:3:      layout_loops_corners, hex_medium, minmay_misc_feat_plants,
          kennysheep_flooded_box
D:4:      layout_rooms, lemuel_tele_altar, uniq_natasha, uniq_pikel, uniq_edmund
D:5:      layout_rooms, serial_shops, nicolae_shop_bloodbath_and_beyond,
          uniq_sigmund
D:6:      layout_rooms, minmay_temple_entry_stoned_glass
D:7:      layout_basic
D:8:      layout_loops_ring, serial_shops, nicolae_shop_trees, enter_bailey_4,
          minmay_misc_feat_chi
Temple:   regret_index_temple_sigil_plot
Bailey:   bailey_axe_4, bailey

Skill      XL: |  1  2  3  4  5  6  7  8  9 |
---------------+----------------------------+-----
Fighting       | 1 2 |  2.2
Dodging        | 3 4 5 6 |  6.9
Stealth        | 3 4 5 6 |  6.8
Conjurations   | 6 7 8 10 11 | 11.7
Spellcasting   | 3 4 5 |  5.7

Action                   |  1- 3 |  4- 6 |  7- 9 || total
-------------------------+-------+-------+-------++-------
Melee: Unarmed           |       |     7 |       ||     7
       Peck              |       |     1 |     1 ||     2
       Rapier            |       |       |     8 ||     8
       Kick              |       |       |     3 ||     3
 Cast: Magic Dart        |    61 |    55 |    32 ||   148
       Searing Ray       |     3 |    18 |    65 ||    86
Evoke: Wand              |       |       |     4 ||     4
  Use: Scroll            |     4 |     6 |     6 ||    16
       Potion            |       |       |     3 ||     3
Armor: Robe              |     2 |     2 |     9 ||    13
Dodge: Dodged            |     6 |    36 |    87 ||   129

Table legend: (Time is in decaauts)
 A = Elapsed time spent in this place.
 B = Non-inter-level travel time spent in this place.
 C = Inter-level travel time spent in this place.
 D = Time resting spent in this place.
 E = Time spent auto-exploring this place.
 F = Levels seen in this place.
 G = Mean time per level.
                   A        B        C        D        E       F      G
               +--------+--------+--------+--------+--------+-----+--------+
         Total |   9158 |   8812 |    346 |   3216 |   3189 |  10 |  915.8 |
       Dungeon |   8457 |   8136 |    321 |   3131 |   3001 |   8 | 1057.1 |
        Temple |    259 |    234 |     25 |      0 |    187 |   1 |  259.0 |
        Bailey |    441 |    441 |      0 |     84 |      0 |   1 |  441.0 |
               +--------+--------+--------+--------+--------+-----+--------+

Top non-repeatable levels by time:
     D:5: 1456 daAuts
     D:6: 1380 daAuts
     D:3: 1292 daAuts
     D:4: 1192 daAuts
     D:2: 1147 daAuts
     D:1: 949 daAuts
     D:7: 758 daAuts
  Bailey: 441 daAuts
     D:8: 279 daAuts
  Temple: 259 daAuts
